 Dungeon Crawl Stone Soup version 0.28.0-53-g5a82cb258f (webtiles) character file.

Game seed: 6912276102212110411

2408 NotreDorf the Spear-Bearer (level 9, -2/69 HPs)
             Began as a Merfolk Gladiator on Aug 20, 2022.
             Was an Initiate of Vehumet.
             Slain by Joseph
             ... wielding a +0 quarterstaff
              (7 damage)
             ... on level 7 of the Dungeon on Aug 21, 2022.
             The game lasted 00:30:17 (7736 turns).

NotreDorf the Spear-Bearer (Merfolk Gladiator)      Turns: 7736, Time: 00:30:18

Health: -2/69      AC:  6    Str: 11 (14) XL:     9   Next: 47%
Magic:  14/14      EV: 17    Int:  7      God:    Vehumet [......]
Gold:   326        SH: 11    Dex: 26      Spells: 10/14 levels left

rFire   . . .      SeeInvis .   e - +4 trident
rCold   . . .      Faith    .   B - +0 kite shield
rNeg    . . .      Spirit   .   C - +2 robe {Will+}
rPois   .          Reflect  .   c - +0 helmet
rElec   .          Harm     .   (no cloak)
rCorr   .          Rampage  .   a - +0 pair of gloves
Will    +....                   (no boots)
Stlth   ++++......              (no amulet)
HPRegen 0.21/turn               (no ring)
MPRegen 0.14/turn               u - +6 ring of dexterity

@: no status effects
A: (nimble swimmer 2), mertail
a: Renounce Religion


You were on level 7 of the Dungeon.
You worshipped Vehumet.
Vehumet was noncommittal.
You visited 2 branches of the dungeon, and saw 8 of its levels.
You also visited: Sewer and Ossuary.

You collected 368 gold pieces.
You spent 42 gold pieces at shops.

Inventory:

Hand Weapons
 e - a +4 trident (weapon)
 F - a +0 glaive
Missiles
 h - a throwing net (quivered)
Armour
 a - a +0 pair of gloves (worn)
 c - a +0 helmet (worn)
 g - the +0 leather armour of Love and Death {rF- rN+ Str+6}
   (You found it on level 2 of the Dungeon)

   Str:       It affects your strength (+6).
   rF:        It makes you vulnerable to fire.
   rN:        It protects you from negative energy.
 B - a +0 kite shield (worn)
 C - a +2 robe of willpower (worn)
Jewellery
 p - a ring of ice
 u - a +6 ring of dexterity (right hand)
Wands
 b - a wand of polymorph (2)
 k - a wand of iceblast (13)
 D - a wand of flame (10)
Scrolls
 f - 4 scrolls of teleportation
 l - a scroll of blinking
 o - a scroll of magic mapping {unknown}
 r - a scroll of immolation {unknown}
 x - a scroll of amnesia {unknown}
 y - a scroll of silence {unknown}
 E - a scroll of fog {unknown}
Potions
 d - a potion of mutation {unknown}
 j - 5 potions of curing
 n - 4 potions of resistance
 q - 4 potions of flight
 t - a potion of invisibility
 v - 3 potions of haste


   Skills:
 + Level 6.0 Fighting
 + Level 8.6 Polearms
 - Level 2.0 Throwing
 + Level 8.0 Dodging
 + Level 6.0 Stealth
 + Level 2.6 Shields
 + Level 3.4 Spellcasting
 + Level 0.9 Conjurations
 + Level 4.3 Ice Magic


You had 10 spell levels left.
You knew the following spells:

 Your Spells              Type           Power      Damage    Failure   Level
a - Hailstorm             Conj/Ice       4%         3d4       98%         4

Your spell library contained the following spells:

 Spells                   Type           Power      Damage    Failure   Level
 Ice Form                 Ice/Tmut       4%         N/A       99%         4
 Animate Armour           Summ/Erth      2%         N/A       100%        4
 Blade Hands              Tmut           0%         N/A       100%        5
 Iron Shot                Conj/Erth      0%         9d1       100%        6
 Simulacrum               Ice/Necr       2%         N/A       100%        6


Dungeon Overview and Level Annotations

Branches:
Dungeon (7/15)             Temple (1/1) D:6           Sewer (visited)
Ossuary (visited)

Altars:
Ashenzari
Cheibriados
Dithmenos
Fedhas
Gozag
Hepliaklqana
Makhleb
Nemelex Xobeh
Okawaru
Qazlal
Ru
Trog
Uskayaw
Vehumet
Wu Jian
Xom
Yredelemnul
Zin
The Shining One

Shops:
D:1 !   D:5 (*

Annotations:
D:2 1 runed translucent door, Crazy Yiuf
D:6 3 runed translucent doors, turdburglar's ghost, novice TrFi
D:7 Joseph


Innate Abilities, Weirdness & Mutations

((You are very nimble when in or above water. (Stealth+, EV+, Speed+++)))
Your lower body shifts to a powerful aquatic tail in water.


Message History

Your Dodging skill increases to level 8!
Joseph shouts!
You hear a shout!
Joseph tries to grin evilly.
Joseph unwields a +0 quarterstaff.
Joseph wields a +0 hunting sling.
Joseph shoots a sling bullet.
The sling bullet hits you!
Joseph shoots a sling bullet.
The sling bullet closely misses you.
There is a stone staircase leading up here.
Joseph shoots a sling bullet.
The sling bullet hits you.
Found a ring mail.
Joseph says, "You must be punished!
Or...
I want to punish you!"
Found a scroll labelled QAEKKABBAG.
You reach to attack!
You hit Joseph.
Joseph is lightly wounded.
Joseph shoots a sling bullet.
You block the sling bullet.
An orc priest comes into view. It is wielding a +0 whip.
Joseph shoots a sling bullet.
The sling bullet completely misses you.
You reach to attack!
You barely miss Joseph.
Joseph is lightly wounded.
The orc priest invokes the aid of Beogh against you.
Beogh smites you!
You hear a shout!
You are too injured to fight recklessly!
You hit Joseph but do no damage.
Joseph is lightly wounded.
Joseph unwields a +0 hunting sling.
Joseph wields a +0 quarterstaff.
Joseph hits you with a +0 quarterstaff!
* * * LOW HITPOINT WARNING * * *
You hit Joseph.
Joseph is lightly wounded.
You hit Joseph.
Joseph is lightly wounded.
Joseph hits you with a +0 quarterstaff!
* * * LOW HITPOINT WARNING * * *
Joseph says, "It's nothing personal, but I have to kill you."
Joseph closely misses you.
Okay, then.
As you read the scroll labelled MANNOWKIKLAYHI, it crumbles to dust.
It is a scroll of enchant weapon.
Your +3 trident glows red for a moment.
Joseph hits you with a +0 quarterstaff!
You die...

.......####...# ...
............#.###...#
............#..#.....
#....#......#.......
.....#......#.....# .
........<......# #
................#..#
......#.............
#.....#.....@@..##.
.>..#........o...#
.##........#....##
......#..##...#
......... ..##
......### #.. ..[##
... .. ..?.


You could see Joseph and an orc priest.

Vanquished Creatures
  Pikel (D:6)
  A wyvern (D:6)
  Duvessa (D:6)
  An ice beast (D:5)
  A sky beast (D:5)
  An ogre (D:5)
  An orc warrior (D:6)
  A necrophage (D:7)
  2 lemures (D:5)
  A bullfrog (D:6)
  2 scorpions
  3 water moccasin zombies (Ossuary)
  Dowan (D:6)
  5 wights (D:5)
  A howler monkey (D:5)
  2 bullfrog skeletons
  Natasha (twice) (D:3)
  Terence (D:2)
  2 scorpion zombies (D:5)
  4 orc wizards
  A merfolk siren (Sewer)
  A merfolk avatar (Sewer)
  A hound skeleton (D:5)
  2 mummies (Ossuary)
  7 adders
  5 river rats
  6 worms
  An adder skeleton (D:4)
  5 adder zombies (Ossuary)
  9 orcs
  9 endoplasms
  4 giant cockroaches
  3 gnoll zombies (Ossuary)
  3 goblins
  6 hobgoblins
  7 jackals
  5 kobolds
  7 quokkas
  12 ball pythons
  8 bats
  9 frilled lizards
  3 hobgoblin zombies (Ossuary)
  4 kobold zombies (Ossuary)
  3 orc zombies (Ossuary)
  25 rats
180 creatures vanquished.

Vanquished Creatures (others)
  4 toadstools (D:1)
4 creatures vanquished.

Grand Total: 184 creatures vanquished

Notes
Turn   | Place    | Note
-------+----------+-------------------------------------------
     0 | D:1      | NotreDorf the Merfolk Gladiator began the quest for the
                  | Orb.
     0 | D:1      | Reached XP level 1. HP: 16/16 MP: 1/1
   115 | D:1      | Reached XP level 2. HP: 22/23 MP: 2/2
   297 | D:1      | Reached skill level 1 in Stealth
   654 | D:1      | Found Yniwaty's Distillery.
   662 | D:1      | Bought a potion of curing for 42 gold pieces
  1060 | D:2      | Reached XP level 3. HP: 28/28 MP: 3/3
  1169 | D:2      | Reached skill level 5 in Polearms
  1307 | D:2      | Identified the +0 leather armour of Love and Death {rF- rN+
                  | Str+6}
  1545 | D:2      | Found a faded altar of an unknown god.
  1723 | D:2      | Noticed Terence
  1739 | D:2      | Killed Terence
  1740 | D:2      | Reached XP level 4. HP: 8/35 MP: 4/4
  2092 | D:2      | Found a runed translucent door.
  2093 | D:2      | Noticed Crazy Yiuf
  2583 | D:3      | Noticed Natasha
  2593 | D:3      | Killed Natasha
  2594 | D:3      | Reached skill level 5 in Dodging
  2934 | D:3      | Reached XP level 5. HP: 41/41 MP: 5/5
  3037 | D:3      | Noticed Natasha
  3045 | D:3      | Killed Natasha
  3635 | D:4      | Reached XP level 6. HP: 48/48 MP: 6/6
  3738 | D:4      | Found a glowing drain.
  3747 | Sewer    | Entered a sewer
  3754 | Sewer    | Learned a level 4 spell: Hailstorm
  4467 | D:5      | Entered Level 5 of the Dungeon
  4481 | D:5      | Reached skill level 1 in Spellcasting
  4481 | D:5      | Reached skill level 1 in Ice Magic
  4481 | D:5      | Reached XP level 7. HP: 46/54 MP: 6/8
  4588 | D:5      | Found a sand-covered staircase.
  4593 | Ossuary  | Entered an ossuary
  5163 | D:5      | Found an ornate altar of the Wu Jian Council.
  5520 | D:5      | Reached XP level 8. HP: 59/60 MP: 10/10
  5540 | D:5      | Reached skill level 5 in Fighting
  5719 | D:5      | Found Xekose's Overcharged Wands.
  5759 | D:5      | Found Fesoffah's Antique Weapon Shoppe.
  5896 | D:5      | Reached skill level 5 in Stealth
  6284 | D:5      | Reached skill level 1 in Shields
  6502 | D:6      | Noticed a wyvern
  6502 | D:6      | a jelly changed into a wyvern
  6508 | D:6      | Killed a wyvern
  6589 | D:6      | Noticed Pikel
  6621 | D:6      | Killed Pikel
  6622 | D:6      | Reached XP level 9. HP: 34/69 MP: 13/13
  6806 | D:6      | Found a staircase to the Ecumenical Temple.
  6814 | Temple   | Entered the Ecumenical Temple
  6878 | Temple   | Became a worshipper of Vehumet
  6901 | D:6      | Noticed Duvessa
  7106 | D:6      | Noticed Dowan
  7129 | D:6      | Killed Duvessa
  7137 | D:6      | Killed Dowan
  7325 | D:6      | Found a runed translucent gate.
  7325 | D:6      | Found an opulent altar of Gozag.
  7326 | D:6      | Found a runed translucent gate.
  7326 | D:6      | Found a runed translucent gate.
  7327 | D:6      | Noticed a komodo dragon
  7328 | D:6      | Noticed turdburglar's ghost (novice TrFi)
  7712 | D:7      | Noticed Joseph
  7736 | D:7      | Slain by Joseph

Illustrated notes

Levels and vault maps discovered:
D:1:      ldierk_walled_garden_2, layout_basic, serial_shops, shop_fountains
D:2:      layout_loops_ring, ebering_ecumenical_altar_box, grunt_ministairs_8,
          nrook_mini_vaults, uniq_terence, uniq_crazy_yiuf_cottage
D:3:      layout_basic, interstate_on_off, uniq_natasha
D:4:      layout_loops_cross, gup_sewer_entry_spiral, minmay_misc_feat_rows
D:5:      layout_basic, nzn_wu_jian_contemplation, enter_ossuary_2,
          serial_shops, shop, nicolae_shop_overcharged_wands
D:6:      layout_rooms, minmay_temple_entry_wispy, ebering_ghost_gozag,
          uniq_duvessa, uniq_pikel
D:7:      layout_cave_pools, uniq_joseph
Temple:   compressed_dpeg_circular_temple

Skill      XL: |  1  2  3  4  5  6  7  8  9 |
---------------+----------------------------+-----
Stealth        | 1 2 3 4 5 6 |  6.0
Polearms       | 5 6 7 8 |  8.6
Fighting       | 3 4 5 6 |  6.0
Dodging        | 5 6 7 8 |  8.0
Spellcasting   | 1 3 |  3.4
Ice Magic      | 1 2 4 |  4.3
Shields        | 2 |  2.6
Throwing       | |  2.0
Conjurations   | |  0.9

Action                   |  1- 3 |  4- 6 |  7- 9 || total
-------------------------+-------+-------+-------++-------
Melee: Trident           |   124 |   209 |   301 ||   634
       Punch             |       |     4 |     3 ||     7
       Tailslap          |       |     7 |       ||     7
Throw: Throwing net      |     1 |       |     2 ||     3
Evoke: Wand              |       |       |     3 ||     3
  Use: Potion            |     2 |       |     4 ||     6
       Scroll            |       |       |     8 ||     8
 Stab: Sleeping          |     3 |    18 |    13 ||    34
       Held in net/web   |     1 |       |     1 ||     2
       Distracted        |       |       |     1 ||     1
Armor: Leather armour    |    12 |    26 |    18 ||    56
       Robe              |       |       |    11 ||    11
Dodge: Dodged            |    63 |    80 |   146 ||   289
Block: Kite shield       |       |       |    52 ||    52
